 Dungeon Crawl Stone Soup version 0.30-a0-867-g305f33218d (webtiles) character file.

Game seed: 10125768693614173162

3498867 Valamore the End of an Era (level 27, 187/273 HPs)
             Began as a Hill Orc Fighter on Mar 10, 2023.
             Was the Champion of Qazlal.
             Escaped with the Orb
             ... and 5 runes!
             The game lasted 01:31:10 (60833 turns).

Valamore the End of an Era (Hill Orc Fighter)      Turns: 60833, Time: 01:31:10

Health: 187/273    AC: 54    Str: 40    XL:     27
Magic:  30/40      EV: 16    Int:  5    God:    Qazlal [******]
Gold:   3060       SH: 29    Dex: 19    Spells: 26/26 levels left

rFire   + + +      SeeInvis +    b - +1 broad axe (heavy)
rCold   + + .      Faith    .    R - +2 shield of Resistance {rF++ rC++ Will++}
rNeg    + . .      Spirit   .    C - +10 pearl dragon scales of the Trout {rN+ rCorr Stlth+}
rPois   +          Reflect  .    g - +2 helmet {SInv}
rElec   +          Rampage  .    k - +2 cloak {Will+}
rCorr   +                        W - +2 pair of gloves {Str+3}
Will    ++++.                    V - +2 pair of boots
Stlth   +                        U - amulet of regeneration
HPRegen 1.45/turn                y - ring "Itodiepsa" {rElec rPois rF+ Will- Dex+7}
MPRegen 0.27/turn                K - ring "Zisygoxa" {rElec rCorr Str+8 Int-5}

@: mighty, protected from physical damage, hasted (expiring), studying Maces &
Flails, repel missiles, very quick
A: iridescent scales 2, thin skeletal structure 1, weak 1
0: Orb of Zot
}: 5/15 runes: decaying, slimy, silver, abyssal, gossamer
a: Renounce Religion, Upheaval, Elemental Force, Disaster Area


You escaped.
You worshipped Qazlal.
Qazlal was exalted by your worship.
You visited 11 branches of the dungeon, and saw 53 of its levels.
You visited the Abyss 1 time.
You also visited: Volcano.

You collected 7561 gold pieces.
You spent 4501 gold pieces at shops.

Inventory:

Hand Weapons
 a - a +4 broad axe of freezing
 b - a +1 heavy broad axe (weapon)
Missiles
 d - 6 throwing nets
 i - 5 silver boomerangs (quivered)
 q - 28 boomerangs
 G - 4 silver javelins
 L - 20 javelins
Armour
 g - a +2 helmet of see invisible (worn)
 k - a +2 cloak of willpower (worn)
 A - a +2 hat of willpower
 C - the +10 pearl dragon scales of the Trout (worn) {rN+ rCorr Stlth+}
   (You found it on level 3 of the Elven Halls)

   rN:        It protects you from negative energy.
   rCorr:     It protects you from acid and corrosion.
   Stlth:     It makes you more stealthy.
 R - the +2 shield of Resistance (worn) {rF++ rC++ Will++}
   (You found it on level 5 of the Pits of Slime)

   rF:        It greatly protects you from fire.
   rC:        It greatly protects you from cold.
   Will:      It greatly increases your willpower.
 V - a +2 pair of boots (worn)
 W - a +2 pair of gloves of strength (worn)
Jewellery
 y - the ring "Itodiepsa" (left hand) {rElec rPois rF+ Will- Dex+7}
   (You found it on level 5 of the Pits of Slime)

   [ring of protection from fire]

   Dex:       It affects your dexterity (+7).
   rF:        It protects you from fire.
   rElec:     It insulates you from electricity.
   rPois:     It protects you from poison.
   Will:      It decreases your willpower.
 K - the ring "Zisygoxa" (right hand) {rElec rCorr Str+8 Int-5}
   (You bought it in a shop on level 2 of the Orcish Mines)

   [ring of resist corrosion]

   Str:       It affects your strength (+8).
   Int:       It affects your intelligence (-5).
   rElec:     It insulates you from electricity.
   rCorr:     It protects you from acid and corrosion.
 U - an amulet of regeneration (around neck)
 Z - a ring of see invisible
Wands
 u - a wand of roots (39)
 v - a wand of digging (40)
 D - a wand of paralysis (55)
 F - a wand of mindburst (26)
 O - a wand of quicksilver (36)
Scrolls
 f - 9 scrolls of fog
 j - 6 scrolls of fear
 l - a scroll of butterflies
 p - 6 scrolls of torment
 t - 27 scrolls of teleportation
 z - 6 scrolls of blinking
 N - 9 scrolls of immolation
 P - a scroll of magic mapping
 S - 5 scrolls of silence
Potions
 h - 4 potions of haste
 m - 4 potions of might
 n - 5 potions of lignification
 o - 9 potions of attraction
 r - 7 potions of resistance
 s - 15 potions of ambrosia
 w - 6 potions of heal wounds
 B - 6 potions of flight
 H - 5 potions of berserk rage
 I - 9 potions of invisibility
 J - 4 potions of cancellation
 M - 6 potions of magic
 Q - 22 potions of curing
 Y - 6 potions of mutation
Miscellaneous
 c - a condenser vane
 e - a phantom mirror
 x - a tin of tremorstones (2/2)
 E - a lightning rod (4/4)
 T - a box of beasts
 X - a phial of floods


   Skills:
 O Level 27 Fighting
 - Level 18.0 Axes
 + Level 17.6 Throwing
 * Level 24.2 Armour
 - Level 9.0 Dodging
 * Level 26.7 Shields
 O Level 27 Invocations
 - Level 12.0 Evocations


You had 26 spell levels left.
You didn't know any spells.
Your spell library contained the following spells:

 Spells                   Type           Power      Damage    Failure   Level
 Apportation              Tloc           0%         N/A       58%         1
 Beastly Appendage        Tmut           0%         N/A       58%         1
 Foxfire                  Conj/Fire      0%         2x1d4     58%         1
 Freeze                   Ice            0%         1d3       58%         1
 Magic Dart               Conj           0%         1d3       58%         1
 Sandblast                Erth           0%         2d4       58%         1
 Shock                    Conj/Air       0%         1d3       58%         1
 Sting                    Tmut/Pois      0%         1d3       58%         1
 Summon Small Mammal      Summ           0%         N/A       58%         1
 Blink                    Tloc           0%         N/A       75%         2
 Call Imp                 Summ           0%         N/A       75%         2
 Cigotuvi's Dreadful Rot  Necr/Pois/Air  0%         N/A       75%         2
 Ensorcelled Hibernation  Hex/Ice        0%         N/A       75%         2
 Lesser Beckoning         Tloc           0%         N/A       75%         2
 Momentum Strike          Conj/Tloc      0%         3d8       75%         2
 Passwall                 Tmut/Erth      0%         N/A       75%         2
 Poisonous Vapours        Pois/Air       0%         N/A       75%         2
 Scorch                   Fire           0%         2d5       75%         2
 Searing Ray              Conj           0%         2d4       75%         2
 Static Discharge         Conj/Air       0%         2-2/arc   75%         2
 Sublimation of Blood     Necr           0%         N/A       75%         2
 Wereblood                Tmut           0%         N/A       75%         2
 Call Canine Familiar     Summ           0%         N/A       92%         3
 Confusing Touch          Hex            0%         N/A       92%         3
 Dazzling Flash           Conj/Hex       0%         N/A       92%         3
 Frozen Ramparts          Ice            0%         1d1       92%         3
 Hailstorm                Conj/Ice       0%         3d3       92%         3
 Mephitic Cloud           Conj/Pois/Air  0%         N/A       92%         3
 Ozocubu's Armour         Ice            0%         N/A       92%         3
 Portal Projectile        Hex/Tloc       0%         N/A       92%         3
 Spider Form              Tmut/Pois      0%         N/A       92%         3
 Stone Arrow              Conj/Erth      0%         3d7       92%         3
 Summon Guardian Golem    Hex/Summ       0%         N/A       92%         3
 Swiftness                Air            0%         N/A       92%         3
 Tukima's Dance           Hex            0%         N/A       92%         3
 Vhi's Electric Charge    Tloc/Air       0%         N/A       92%         3
 Airstrike                Air            0%         2d(0-16)  100%        4
 Anguish                  Hex/Necr       0%         N/A       100%        4
 Animate Armour           Summ/Erth      0%         N/A       100%        4
 Animate Dead             Necr           0%         N/A       100%        4
 Cause Fear               Hex            0%         N/A       100%        4
 Dispel Undead            Necr           0%         3d6       100%        4
 Flame Wave               Conj/Fire      0%         2d4       100%        4
 Fulminant Prism          Conj/Hex       0%         3d5       100%        4
 Ice Form                 Ice/Tmut       0%         N/A       100%        4
 Leda's Liquefaction      Hex/Erth       0%         N/A       100%        4
 Manifold Assault         Tloc           0%         N/A       100%        4
 Olgreb's Toxic Radiance  Pois           0%         N/A       100%        4
 Passage of Golubria      Tloc           0%         N/A       100%        4
 Petrify                  Tmut/Erth      0%         N/A       100%        4
 Summon Ice Beast         Ice/Summ       0%         N/A       100%        4
 Summon Lightning Spire   Summ/Air       0%         N/A       100%        4
 Alistair's Intoxication  Tmut/Pois      0%         N/A       100%        5
 Arcjolt                  Conj/Air       0%         1d10      100%        5
 Blade Hands              Tmut           0%         N/A       100%        5
 Iskenderun's Battlesphe  Conj           0%         2d6       100%        5
 Lee's Rapid Deconstruct  Erth           0%         3d4*      100%        5
 Lightning Bolt           Conj/Air       0%         1d11      100%        5
 Metabolic Englaciation   Hex/Ice        0%         N/A       100%        5
 Summon Forest            Summ/Tloc      0%         N/A       100%        5
 Summon Mana Viper        Hex/Summ       0%         N/A       100%        5
 Yara's Violent Unravell  Hex/Tmut       0%         3d3       100%        5
 Conjure Ball Lightning   Conj/Air       0%         3x3d6     100%        6
 Death Channel            Necr           0%         N/A       100%        6
 Iron Shot                Conj/Erth      0%         9d1       100%        6
 Simulacrum               Ice/Necr       0%         N/A       100%        6
 Statue Form              Tmut/Erth      0%         N/A       100%        6
 Summon Cactus Giant      Summ           0%         N/A       100%        6
 Enfeeble                 Hex            0%         N/A       100%        7
 Malign Gateway           Summ/Tloc      0%         N/A       100%        7
 Monstrous Menagerie      Summ           0%         N/A       100%        7
 Spellforged Servitor     Conj/Summ      0%         N/A       100%        7
 Storm Form               Tmut/Air       0%         N/A       100%        7
 Summon Hydra             Summ           0%         N/A       100%        7
 Discord                  Hex            0%         N/A       100%        8
 Disjunction              Tloc           0%         N/A       100%        8
 Ignition                 Fire           0%         3d3       100%        8
 Infestation              Necr           0%         N/A       100%        8
 Lehudib's Crystal Spear  Conj/Erth      0%         10d2      100%        8
 Summon Horrible Things   Summ           0%         N/A       100%        8


Dungeon Overview and Level Annotations

Branches:
Dungeon (15/15)            Temple (1/1) D:5            Lair (5/5) D:10
  Swamp (4/4) Lair:3       Spider (4/4) Lair:2        Slime (5/5) Lair:4
    Orc (2/2) D:9             Elf (3/3) Orc:2        Vaults (5/5) D:13
  Crypt (0/3) Vaults:3     Depths (4/4) D:15            Zot (5/5) Depths:4
Volcano (visited)

Altars:
Ashenzari
Cheibriados
Dithmenos
Elyvilon
Fedhas
Gozag
Hepliaklqana
Kikubaaqudgha
Makhleb
Nemelex Xobeh
Okawaru
Qazlal
Ru
Sif Muna
Trog
Uskayaw
Vehumet
Wu Jian
Xom
Yredelemnul
Zin
The Shining One
Beogh
Jiyva

Shops:
D:12 =   Orc:1 :!   Orc:2 [[((==   Elf:1 [   Vaults:1 [   Vaults:4 (*[(
Depths:3 (

Portals:
Hell: Depths:1 Depths:2 Depths:3 Depths:4
Abyss: Depths:1 Depths:3 Depths:4
Pandemonium: Depths:2 Depths:4
Ziggurat: Depths:3
Trove: D:12 (give 7 scrolls of fear)

Annotations:
D:7 3 runed translucent doors, NinjaNoafa's ghost, novice DjCj
Spider:4 2 transporters, exclusion: oklob plant, Faecsedgh's ghost, journeyman TrBe; Ontaitol's ghost, adept MiFi
Elf:2 4 runed translucent doors, Kaobra's ghost, adept GnHW
Depths:1 1 runed translucent door, Odimm's ghost, master GrFi
Depths:4 1 runed translucent door, themarg's ghost, veteran MfSu


Innate Abilities, Weirdness & Mutations

You are mostly covered in iridescent scales. (AC +4)
You have a somewhat thin skeletal structure. (Dex +2, Stealth+)
You are weak. (Str -2)


Message History

You feel your power leaking away.
You miss Laptoc.
Laptoc is almost dead.
You block Laptoc's attack.
You miss Laptoc.
Laptoc is almost dead.
You block Laptoc's attack.
You miss Laptoc.
Laptoc is severely wounded.
Laptoc punches you!
You open Laptoc like a pillowcase!!!
You kill Laptoc!
Qazlal accepts your kill.
Your life force feels restored.
You block the soul eater's attack.
You slice the soul eater!!
The soul eater is heavily wounded.
You block the soul eater's attack.
You carve the soul eater like a ham!!!
You kill the soul eater!
Qazlal accepts your kill. You block the sun demon's attack.
You cut the sun demon into ribbons!!!
The sun demon is severely wounded.
You block the sun demon's attack.
You chop the sun demon into pieces!!!!
You kill the sun demon!
Qazlal accepts your kill. You block the chaos spawn's attack.
You open the chaos spawn like a pillowcase!!!
You kill the chaos spawn!
Qazlal accepts your kill.
The chaos spawn degenerates into a cloud of primal chaos!
You hear a roar!
There is an open door here.
There is a staircase leading out of the dungeon here.
Magic courses through your body.
Okay, then.
Your extra speed is starting to run out.
You have escaped!

######## #....#.#....#..#####...
.......#########'#########.#...##
###.####.................#.#....#
#.# #.#.###########.#.#.......
#.# #.##.#.......#.##.###.##.#
#.# #.#.#.###'###.#.#.# #.##.#
#.# #.#.#.#.☼...#.#.#.# #.##.#
#.####.#.#.#.°..○#.#.#.###.##.#
#..'.'.#.#.+§.@.°+.#.#.'.'.##.#
######.#.#.#.°..○#.#.#.###.##.#
#.#.#.#.°...#.#.#.###.....
#.#.#.###+###.#.#.#...##.#
#.##.#.......#.##.###.##.#
#.#.###########.#.##.....#
#.................##......
#########'##########..##.#
#....##.# #.##..##.#


There were no monsters in sight!

Vanquished Creatures
  the Royal Jelly (Slime:5)
  Dissolution (Slime:1)
  A pandemonium lord (D:1)
  3 dread liches
  6 orbs of fire
  Mennas (Vaults:4)
  Mara (Vaults:4)
  Frederick (Vaults:4)
  8 Killer Klowns (Zot:5)
  Boris (twice) (Vaults:2 Depths:4)
  7 curse toes
  Saint Roka (Orc:2)
  A caustic shrike (Depths:2)
  A profane servitor (Abyss:4)
  18 golden dragons
  3 bone dragons
  A Tzitzimitl (D:6)
  4 electric golems (Zot:5)
  10 quicksilver dragons
  An Ice Fiend (D:11)
  22 tentacled monstrosities
  28 Orb Guardians
  A lich (Depths:3)
  3 titans
  A deep elf blademaster (Elf:3)
  A walking frostbound tome (Depths:2)
  10 death cobs
  15 acid blobs
  2 deep elf master archers (Elf:3)
  The ghost of Iluymox the Imperceptible, an adept KoBr of Hepliaklqana (Vaults:3)
  A tentacled starspawn (Abyss:4)
  An eldritch tentacle (Zot:5)
  Frances (D:12)
  9 sphinxes
  7 shadow dragons
  Gastronok (Lair:1)
  4 tengu reavers
  Kirke (Elf:1)
  7 draconian monks
  19 storm dragons
  13 azure jellies
  16 rockslimes
  Donald (Orc:2)
  6 draconian knights
  12 deep elf sorcerers
  5 emperor scorpions
  11 fire giants
  21 vault wardens
  3 balrugs
  4 iron dragons
  3 deep elf elementalists (Elf:3)
  9 ghost moths
  8 frost giants
  6 draconian scorchers
  6 draconian shifters
  9 draconian stormcallers
  4 ghouls (Swamp:3)
  6 draconian annihilators
  19 ironbound preservers
  12 quicksilver oozes
  2 broodmothers (Spider:2)
  2 spriggan defenders (Depths:2)
  2 war gargoyles
  17 very ugly things
  5 ironbound thunderhulks
  2 vampire knights
  A reaper (Depths:4)
  5 eleionomae
  4 deep elf demonologists
  7 green draconians
  10 white draconians
  10 purple draconians
  21 stone giants
  4 bunyips (Swamp:3)
  8 yellow draconians
  Azrael (Orc:2)
  12 spark wasps
  11 black draconians
  10 red draconians
  11 dire elephants
  6 deep elf annihilators
  15 ettins
  5 deep elf death magi
  Snorg (Orc:1)
  An eidolon (Vaults:1)
  3 crystal guardians
  6 jiangshi
  12 yaktaur captains
  10 fire dragons
  8 deep elf high priests
  9 entropy weavers
  2 shambling mangroves (Abyss:4)
  4 rakshasas
  39 vault guards
  Fannar (D:11)
  9 great orbs of eyes
  A salamander tyrant (Depths:4)
  13 hydras
  Harold (D:9)
  4 peacekeepers
  3 ogre magi
  3 ghost crabs (Elf:2)
  A catoblepas (Vaults:1)
  5 spriggan air magi
  A juggernaut simulacrum (Elf:2)
  6 ice dragons
  11 ironbound frosthearts
  11 two-headed ogres
  13 boulder beetles
  12 centaur warriors
  A satyr (Abyss:4)
  3 radroaches
  8 alligators
  A two-headed ogre (shapeshifter) (Vaults:5)
  6 dancing weapons
  An alligator (shapeshifter) (Vaults:5)
  4 tengu warriors
  5 deep troll shamans
  3 vampire magi
  5 deep troll earth magi
  11 spriggan berserkers
  11 death yaks
  2 orc high priests
  3 soul eaters
  7 hell hogs
  A skyshark (shapeshifter) (Vaults:5)
  Sonja (Orc:1)
  A storm dragon zombie (Depths:3)
  3 fire crabs
  10 deep elf knights
  16 hell knights
  13 sun demons
  A wretched star (Abyss:4)
  2 salamander mystics (Depths:4)
  7 pharaoh ants
  Lodul (D:10)
  6 iron trolls
  2 goliath frogs (Swamp:1)
  6 spriggan druids
  4 spectral death yaks (Lair:5)
  A spectral anaconda (Lair:5)
  2 flayed ghosts
  A storm dragon skeleton (Elf:2)
  7 orb spiders
  2 sun moths (Spider:3)
  43 deep trolls
  10 wizards
  2 glowing orange brains
  4 harpies (Vaults:3)
  9 lindwurms
  A harpy (shapeshifter) (Depths:2)
  12 swamp dragons
  30 ironbound convokers
  4 bog bodies
  11 deep elf archers
  29 deep elf zephyrmancers
  5 phantasmal warriors
  4 orc knights
  7 steelbarb worms
  9 necromancers
  A tengu zombie (Depths:3)
  A sphinx zombie (D:15)
  2 oklob plants (Lair:4)
  33 deep elf pyromancers
  A sphinx skeleton (Elf:2)
  26 wolf spiders
  A shadow dragon skeleton (Vaults:4)
  50 ugly things
  3 manticores
  5 worldbinders (Abyss:4)
  8 shining eyes
  4 will-o-the-wisps
  23 moths of wrath
  5 orc sorcerers
  9 cyclopes
  A cyclops (shapeshifter) (Depths:3)
  A guardian serpent (shapeshifter) (Depths:3)
  6 salamanders
  2 iron dragon skeletons
  20 vault sentinels
  Joseph (D:9)
  A stone giant skeleton (Vaults:4)
  An apocalypse crab (Abyss:4)
  21 elephants
  2 water nymphs (Abyss:4)
  4 smoke demons
  Maggie (D:8)
  5 black mambas
  2 dire elephant skeletons (Lair:5)
  2 gargoyles
  A storm dragon simulacrum (Elf:2)
  A molten gargoyle (Depths:4)
  7 torpor snails
  8 cane toads
  3 eyes of devastation
  6 demonic crawlers
  A titan simulacrum (Depths:3)
  2 efreet
  7 komodo dragons
  A tengu conjurer (Depths:2)
  26 yaktaurs
  A hellion (Depths:1)
  A rime drake (Lair:4)
  2 ancient zymes (Abyss:4)
  A tormentor (D:11)
  A guardian mummy (D:15)
  9 trolls
  2 freezing wraiths
  2 polar bears
  19 hornets
  A polar bear (shapeshifter) (Elf:3)
  6 meliai
  2 tarantellas (shapeshifter) (Vaults:5)
  A shadow dragon simulacrum (Elf:2)
  33 tarantellas
  A blink frog (shapeshifter) (D:15)
  7 blink frogs
  4 raiju
  7 tyrant leeches
  13 jumping spiders
  128 slime creatures
  7 water elementals
  2 elf skeletons (Vaults:4)
  15 spriggans
  Sigmund (D:4)
  A spriggan skeleton (D:15)
  A large abomination (Abyss:4)
  A vampire (D:14)
  2 centaur simulacra
  4 air elementals
  A wraith (D:12)
  15 culicivoras
  2 culicivoras (shapeshifter)
  2 shadows (D:10)
  A golden eye (shapeshifter) (Elf:1)
  Grum (D:11)
  7 fire elementals
  23 yaks
  5 basilisks
  3 hogs (Elf:1)
  A neqoxec (Zot:5)
  5 spectral cane toads (Lair:5)
  62 redbacks
  12 golden eyes
  15 vampire mosquitoes
  2 steam dragons (D:6)
  3 chaos spawn
  6 wargs
  12 swamp worms
  14 swamp drakes
  3 acid dragons
  A floating eye (shapeshifter) (Depths:2)
  6 water moccasins
  5 hell hounds (Orc:2)
  Pargi (D:3)
  An ice beast (D:7)
  2 elephant zombies (Lair:5)
  42 orc warriors
  2 sky beasts
  7 black bears
  9 ogres
  21 wolves
  4 boggarts
  An elephant skeleton (Lair:5)
  3 centaurs (D:13)
  2 phantoms (D:5)
  4 kobold brigands
  15 bullfrogs
  A scorpion (D:4)
  A necrophage (Swamp:3)
  2 cane toad simulacra (Lair:5)
  5 earth elementals
  8 wights
  An elephant simulacrum (Lair:5)
  8 killer bees
  6 electric eels
  6 howler monkeys
  A jelly (D:7)
  28 orc priests
  8 starcursed masses (Abyss:4)
  4 gnoll boudas
  3 hounds
  An iron imp (D:3)
  3 iguanas
  28 orc wizards
  4 small abominations
  A mummy (D:6)
  11 adders
  17 gnolls
  4 white imps
  An ufetubus (D:7)
  A worm (D:4)
  A dart slug (D:1)
  102 orcs
  6 ball pythons
  A bat (D:2)
  7 endoplasms
  3 giant cockroaches
  7 goblins
  6 hobgoblins
  5 jackals
  3 quokkas
  6 frilled lizards
  19 kobolds
  2 rats (D:1)
  2 starspawn tentacles (Abyss:4)
2304 creatures vanquished.

Vanquished Creatures (collateral kills)
  Jorgrun (Orc:1)
  A deep elf master archer (Elf:3)
  A deep elf blademaster (Elf:3)
  An emperor scorpion (Spider:4)
  Louise (Spider:2)
  A yellow draconian (Zot:5)
  A deep elf death mage (Elf:3)
  A skeletal warrior (D:15)
  An orc knight (Orc:1)
  A deep elf archer (Elf:3)
  A deep elf pyromancer (Elf:3)
  2 orc sorcerers
  A fire giant zombie (D:15)
  A moth of wrath (Spider:2)
  A tarantella (Spider:2)
  An orc warrior (Orc:1)
  2 orcs
19 creatures vanquished.

Vanquished Creatures (others)
  A fire giant (Depths:3)
  A deep elf knight (Elf:3)
  2 deep elf zephyrmancers
  A deep elf pyromancer (Elf:1)
  An ironbound convoker (Vaults:5)
  A swamp drake (Swamp:4)
  An orc warrior (Orc:1)
  A bush (Elf:1)
  18 foxfires
  14 fungi
  28 plants
  A starspawn tentacle (Abyss:4)
  45 withered plants
115 creatures vanquished.

Grand Total: 2438 creatures vanquished

Notes
Turn   | Place    | Note
-------+----------+-------------------------------------------
     0 | D:1      | Valamore the Hill Orc Fighter began the quest for the Orb.
     0 | D:1      | Reached XP level 1. HP: 19/19 MP: 1/1
    34 | D:1      | Found a faded altar of an unknown god.
   262 | D:1      | Reached XP level 2. HP: 27/27 MP: 2/2
  1010 | D:2      | Reached XP level 3. HP: 33/33 MP: 3/3
  1436 | D:2      | Reached XP level 4. HP: 33/40 MP: 4/4
  1922 | D:3      | Noticed Pargi
  1935 | D:3      | Killed Pargi
  1936 | D:3      | Reached skill level 5 in Axes
  1936 | D:3      | Reached XP level 5. HP: 39/47 MP: 5/5
  2024 | D:3      | Reached XP level 6. HP: 9/55 MP: 6/6
  2207 | D:3      | Reached skill level 5 in Fighting
  2565 | D:3      | Found a snail-covered altar of Cheibriados.
  2932 | D:4      | Noticed a black bear
  2945 | D:4      | Killed a black bear
  2946 | D:4      | Reached skill level 5 in Shields
  2946 | D:4      | Reached XP level 7. HP: 27/61 MP: 7/7
  3063 | D:4      | Found a white marble altar of Elyvilon.
  3163 | D:4      | Found an opulent altar of Gozag.
  3292 | D:4      | Found a hazy altar of Hepliaklqana.
  3423 | D:4      | Noticed Sigmund
  3432 | D:4      | Killed Sigmund
  3568 | D:4      | Found a basalt altar of Yredelemnul.
  3574 | D:4      | Found a glowing golden altar of the Shining One.
  3576 | D:4      | Noticed an angel
  3751 | D:4      | Found a burning altar of Makhleb.
  3877 | D:4      | Found an ornate altar of the Wu Jian Council.
  4020 | D:5      | Entered Level 5 of the Dungeon
  4051 | D:5      | Reached XP level 8. HP: 62/71 MP: 8/8
  4409 | D:5      | Reached skill level 10 in Axes
  4715 | D:5      | Found a staircase to the Ecumenical Temple.
  4738 | Temple   | Entered the Ecumenical Temple
  4902 | Temple   | Became a worshipper of Qazlal Stormbringer
  5563 | D:6      | Reached XP level 9. HP: 53/81 MP: 9/9
  6358 | D:7      | Found a runed translucent gate.
  6358 | D:7      | Found a runed translucent gate.
  6399 | D:7      | Found a runed translucent gate.
  6400 | D:7      | Found an opulent altar of Gozag.
  6401 | D:7      | Noticed a wizard
  6403 | D:7      | Noticed a two-headed ogre
  6539 | D:7      | Noticed NinjaNoafa's ghost (novice DjCj)
  6577 | D:7      | Reached * piety under Qazlal
  6823 | D:7      | Found a glowing silver altar of Zin.
  6848 | D:7      | Found a shadowy altar of Dithmenos.
  7081 | D:7      | Found an iron altar of Okawaru.
  7081 | D:7      | Found a bloodstained altar of Trog.
  7420 | D:8      | Reached XP level 10. HP: 90/93 MP: 10/10
  7690 | D:7      | Reached skill level 10 in Fighting
  8237 | D:8      | Reached skill level 15 in Axes
  8260 | D:8      | Reached ** piety under Qazlal
  8676 | D:9      | Noticed Maggie
  8676 | D:9      | Noticed a two-headed ogre
  8688 | D:8      | Killed Maggie
  8995 | D:9      | Reached XP level 11. HP: 81/104 MP: 11/11
  9135 | D:9      | Noticed Joseph
  9146 | D:9      | Killed Joseph
  9196 | D:9      | Found a staircase to the Orcish Mines.
  9366 | D:9      | Noticed Harold
  9381 | D:9      | Killed Harold
 10060 | D:9      | Killed a two-headed ogre
 10119 | D:10     | Entered Level 10 of the Dungeon
 10135 | D:10     | Reached *** piety under Qazlal
 10526 | D:10     | Found a shimmering blue altar of Sif Muna.
 10780 | D:10     | Found a sparkling altar of Nemelex Xobeh.
 10865 | D:10     | Noticed a two-headed ogre
 10870 | D:10     | Killed a two-headed ogre
 11068 | D:10     | Found a staircase to the Lair.
 11089 | D:10     | Noticed Lodul
 11103 | D:10     | Killed Lodul
 11699 | D:11     | Noticed a boulder beetle
 11699 | D:11     | Noticed a tengu warrior
 11699 | D:11     | Noticed a cyclops
 11699 | D:11     | Noticed a wolf spider
 11699 | D:11     | Noticed a centaur warrior
 11797 | Lair:1   | Entered Level 1 of the Lair of Beasts
 11912 | Lair:1   | Noticed Gastronok
 11929 | Lair:1   | Killed Gastronok
 11930 | Lair:1   | Reached skill level 1 in Dodging
 11930 | Lair:1   | Reached XP level 12. HP: 50/118 MP: 11/13
 12106 | Lair:1   | Found the +15 Maxwell's patent armour {-Cast -Tele rElec
                  | Will+ rCorr}
 12350 | Lair:1   | Found a glowing silver altar of Zin.
 12897 | Lair:2   | Noticed a four-headed hydra
 13009 | Lair:1   | Killed a one-headed hydra
 13178 | Lair:2   | Identified the +2 sling "Qiyd" {speed, rC++ Will+ Dex+3
                  | Stlth-}
 13209 | Lair:2   | Reached skill level 5 in Armour
 13351 | Lair:2   | Reached skill level 15 in Fighting
 13357 | Lair:2   | Reached skill level 5 in Invocations
 13656 | Lair:2   | Found a hole to the Spider Nest.
 14151 | Lair:3   | Reached **** piety under Qazlal
 14161 | Lair:3   | Noticed a six-headed hydra
 14427 | Lair:3   | Noticed an eight-headed hydra
 14446 | Lair:2   | Killed a five-headed hydra
 14747 | Lair:3   | Killed a two-headed hydra
 14748 | Lair:3   | Reached XP level 13. HP: 102/126 MP: 18/18
 14906 | Lair:3   | Found a staircase to the Swamp.
 14911 | Lair:3   | Reached skill level 5 in Dodging
 15895 | Lair:4   | Reached skill level 10 in Invocations
 15908 | Lair:4   | Reached ***** piety under Qazlal
 16156 | Lair:4   | Identified the +9 chain mail "Fyiloo" {Contam rF++}
 16318 | Lair:4   | Found a viscous altar of Jiyva.
 16318 | Lair:4   | Found a staircase to the Slime Pits.
 16508 | Lair:5   | Entered Level 5 of the Lair of Beasts
 16719 | Lair:5   | Noticed a dire elephant
 16719 | Lair:5   | Noticed a dire elephant
 16725 | Lair:5   | Noticed a dire elephant
 16750 | Lair:5   | Killed a dire elephant
 17088 | Lair:5   | Reached XP level 14. HP: 103/135 MP: 24/24
 17809 | Lair:5   | Reached skill level 15 in Invocations
 17856 | Lair:5   | Reached skill level 1 in Evocations
 18200 | Lair:5   | Killed a dire elephant
 18209 | Lair:5   | Killed a dire elephant
 19243 | D:11     | Noticed Fannar
 19252 | D:11     | Killed Fannar
 19691 | D:11     | Got the Elucidation of Confrontation and Combustion
 19706 | D:11     | Noticed Grum
 19720 | D:11     | Killed Grum
 20480 | D:12     | Reached skill level 5 in Evocations
 20624 | D:12     | Reached ****** piety under Qazlal
 20863 | D:12     | Noticed Frances
 20883 | D:12     | Killed Frances
 20884 | D:12     | Reached XP level 15. HP: 136/145 MP: 19/27
 21089 | D:12     | Found Onisaz's Jewellery Shoppe.
 21217 | D:12     | Found a portal to a secret trove of treasure.
 21620 | D:12     | Bought an amulet of regeneration for 360 gold pieces
 21725 | D:13     | Found a gate to the Vaults.
 22832 | D:14     | Identified a scroll of acquirement
 22836 | D:14     | Acquired a manual of Shields
 23283 | D:15     | Entered Level 15 of the Dungeon
 23365 | D:15     | Found a staircase to the Depths.
 23534 | D:15     | Reached skill level 10 in Shields
 23910 | D:15     | Reached XP level 16. HP: 155/155 MP: 29/29
 24212 | Orc:1    | Entered Level 1 of the Orcish Mines
 24239 | Orc:1    | Noticed Snorg
 24251 | Orc:1    | Killed Snorg
 24463 | Orc:1    | Noticed Sonja
 24464 | Orc:1    | Noticed Jorgrun
 24531 | D:9      | Reached skill level 15 in Shields
 24582 | Orc:1    | Killed Sonja
 24582 | Orc:1    | Paralysed by an orc sorcerer for 5 turns
 24584 | Orc:1    | Killed Jorgrun
 24759 | Orc:1    | Reached XP level 17. HP: 161/161 MP: 30/30
 24759 | Orc:1    | Found Wotz's Distillery.
 24767 | Orc:1    | Bought a potion of heal wounds for 60 gold pieces
 24767 | Orc:1    | Bought a potion of might for 48 gold pieces
 24767 | Orc:1    | Bought a potion of magic for 96 gold pieces
 24807 | Orc:1    | Found Baomno Liox's Book Shop.
 25018 | Orc:2    | Entered Level 2 of the Orcish Mines
 25018 | Orc:2    | Noticed Azrael
 25018 | Orc:2    | Found Mokef's Antique Armour Boutique.
 25106 | Orc:2    | Paralysed by an orc sorcerer for 3 turns
 25134 | Orc:2    | Found a roughly hewn altar of Beogh.
 25165 | Orc:2    | Found a dark tunnel.
 25192 | Volcano  | Entered a volcano
 25495 | Orc:2    | Paralysed by an orc sorcerer for 5 turns
 25522 | Orc:2    | Noticed Saint Roka
 25560 | Orc:2    | Killed Saint Roka
 25655 | Orc:2    | Killed Azrael
 25818 | Orc:2    | Found a staircase to the Elven Halls.
 25827 | Orc:2    | Found a roughly hewn altar of Beogh.
 25828 | Orc:2    | Found Faecya's Jewellery Shoppe.
 25927 | Orc:2    | Found a roughly hewn altar of Beogh.
 25942 | Orc:2    | Found a roughly hewn altar of Beogh.
 26032 | Orc:2    | Found Cofajer's Firing Range.
 26065 | Orc:2    | Noticed Donald
 26073 | Orc:2    | Killed Donald
 26227 | Orc:2    | Found Vopsagof's Antique Weapon Emporium.
 26228 | Orc:2    | Found a roughly hewn altar of Beogh.
 26229 | Orc:2    | Found Tite Ximi's Antique Armour Shoppe.
 26242 | Orc:2    | Bought a glowing cloak for 217 gold pieces
 26242 | Orc:2    | Bought an embroidered cloak for 217 gold pieces
 26370 | Orc:2    | Found Juplishra's Jewellery Shoppe.
 26475 | Orc:2    | Bought a pair of boots for 162 gold pieces
 26758 | Swamp:1  | Entered Level 1 of the Swamp
 27012 | Swamp:1  | Identified the +9 whip of Circular Logic {flame, rElec
                  | Dex+2}
 27332 | Swamp:2  | HP: 7/161 [five-headed hydra[a spriggan druid] (13)]
 27641 | Swamp:2  | Found a radiant altar of Vehumet.
 29070 | Swamp:4  | Entered Level 4 of the Swamp
 29313 | Swamp:3  | Reached XP level 18. HP: 97/169 MP: 31/31
 29398 | Swamp:3  | Reached skill level 10 in Armour
 29731 | Swamp:4  | Got a decaying rune of Zot
 30315 | Spider:1 | Entered Level 1 of the Spider Nest
 31164 | Spider:2 | Noticed Louise
 31173 | Spider:2 | Killed Louise
 31954 | Spider:3 | Reached XP level 19. HP: 160/180 MP: 32/32
 33118 | Spider:4 | Entered Level 4 of the Spider Nest
 33396 | Spider:4 | Found a transporter.
 33406 | Spider:4 | Noticed Ontaitol's ghost (adept MiFi)
 33422 | Spider:4 | Noticed Faecsedgh's ghost (journeyman TrBe)
 33435 | Spider:4 | Found a transporter.
 33478 | Spider:4 | Reached skill level 1 in Throwing
 34469 | Spider:4 | Got a gossamer rune of Zot
 34988 | Orc:2    | Bought the ring "Zisygoxa" {rElec rCorr Str+8 Int-5} for
                  | 523 gold pieces
 34991 | Orc:2    | Lost intelligence.
 35034 | Elf:1    | Entered Level 1 of the Elven Halls
 35089 | Elf:1    | Noticed Kirke
 35100 | Elf:1    | Killed Kirke
 35101 | Elf:1    | Reached skill level 5 in Throwing
 35183 | Elf:1    | Found Pitzeczi's Antique Armour Boutique.
 35195 | Elf:1    | Bought a runed tower shield for 225 gold pieces
 35364 | Elf:1    | Got Uzadwa's Atlas of Bombardment and Apparitions
 35585 | Elf:1    | Reached XP level 20. HP: 87/178 MP: 34/34
 36284 | Elf:2    | Paralysed by an air elemental for 1 turns
 36360 | Elf:2    | Found a runed translucent gate.
 36360 | Elf:2    | Found a runed translucent gate.
 36361 | Elf:2    | Found a runed translucent gate.
 36415 | Elf:2    | Found a runed translucent door.
 36415 | Elf:2    | Noticed Kaobra's ghost (adept GnHW)
 36469 | Elf:2    | Noticed a bone dragon
 36494 | Elf:2    | Killed a bone dragon
 36630 | Elf:2    | Got Ereshkigal's Parchment of the Charnel House
 36743 | Elf:3    | Entered Level 3 of the Elven Halls
 37699 | Elf:3    | Identified the +4 scimitar "Qyluokug" {drain, rF+ Str+5
                  | Stlth-}
 37701 | Elf:3    | Identified the +8 trident of Demonkind {protect, rElec rN++
                  | SInv}
 37705 | Elf:3    | Got the Catalogue of Glamour
 37728 | Elf:3    | Identified the +10 pearl dragon scales of the Trout {rN+
                  | rCorr Stlth+}
 37993 | Elf:3    | Paralysed by an air elemental for 1 turns
 38414 | Vaults:1 | Entered Level 1 of the Vaults
 38686 | Vaults:1 | Reached XP level 21. HP: 171/202 MP: 36/36
 39318 | Vaults:1 | Got Sif Muna's Spellbook of the Caves
 39517 | Vaults:1 | Found Qeulum's Armour Emporium.
 39522 | Vaults:1 | Bought a +1 pair of gloves of strength for 280 gold pieces
 39719 | Vaults:1 | Got the Discursus on Execration
 40000 | Vaults:2 | Noticed Boris
 40021 | Vaults:2 | Killed Boris
 41098 | Vaults:3 | Reached XP level 22. HP: 164/213 MP: 38/38
 41161 | Vaults:3 | Found an ancient bone altar of Kikubaaqudgha.
 41170 | Vaults:3 | Found a basalt altar of Yredelemnul.
 41348 | Vaults:3 | Identified the +4 chain mail of Gallantry {rF++ rC+}
 41354 | Vaults:3 | Identified the ring of Fuxogag {Fire Int+3 Slay+6}
 41360 | Vaults:3 | Identified the +9 falchion of Zonot {holy, Str+4}
 41362 | Vaults:3 | Found a runed translucent door.
 41362 | Vaults:3 | Noticed Iluymox's ghost (adept KoBr)
 42531 | Vaults:3 | Killed Iluymox's ghost
 42770 | Vaults:4 | Noticed Frederick
 42787 | Vaults:4 | Killed Frederick
 42837 | Vaults:4 | Found Otos's Weapon Emporium.
 42907 | Vaults:4 | Noticed Mara
 42922 | Vaults:4 | Killed Mara
 42963 | Vaults:4 | Noticed Mennas
 42977 | Vaults:4 | Killed Mennas
 43085 | Vaults:4 | Found Sicvuppi's General Store.
 43095 | Vaults:4 | Bought a potion of berserk rage for 90 gold pieces
 43095 | Vaults:4 | Bought 3 scrolls of teleportation for 162 gold pieces
 43095 | Vaults:4 | Bought a potion of curing for 54 gold pieces
 43294 | Vaults:4 | Reached skill level 10 in Evocations
 43517 | Vaults:4 | Found Muinyt's Armour Shoppe.
 43529 | Vaults:4 | Found Boicomocw's Weapon Emporium.
 43839 | Vaults:4 | Bought 5 silver javelins for 990 gold pieces
 43993 | Depths:1 | Entered Level 1 of the Depths
 44096 | Depths:1 | Reached skill level 27 in Invocations
 44107 | Depths:1 | Reached XP level 23. HP: 124/224 MP: 40/40
 44127 | Depths:1 | Reached skill level 10 in Throwing
 44327 | Depths:1 | Found a runed translucent door.
 44329 | Depths:1 | Noticed Odimm's ghost (master GrFi)
 44353 | Depths:1 | Found a gateway to Hell.
 44356 | Depths:1 | Found a one-way gate to the infinite horrors of the Abyss.
 44785 | Depths:1 | Identified the +7 glaive "Peyna Qaolif" {heavy, rN+ Will+
                  | Str-3 Dex+4}
 44785 | Depths:1 | Identified the amulet of Hybban {Acrobat Harm Stlth+}
 45735 | Depths:2 | HP: 3/227 [something (17)]
 46092 | Depths:2 | Found a hide-covered altar of Uskayaw.
 46421 | Depths:2 | Noticed a caustic shrike
 46433 | Depths:2 | Killed a caustic shrike
 46496 | Depths:2 | Noticed a golden dragon
 46510 | Depths:2 | Killed a golden dragon
 46555 | Depths:2 | Identified the +4 quarterstaff of Towa {speed, Drain rC-
                  | Int+4 Dex+8}
 46692 | Depths:2 | Got Hadom's Reference Book on the Harmful Nimbus
 47069 | Depths:2 | Found a one-way gate leading to the halls of Pandemonium.
 47285 | Depths:3 | Found Jiamefeg's Antique Weapon Shop.
 47291 | Depths:3 | Bought a smoking war axe for 297 gold pieces
 47291 | Depths:3 | Identified the +6 war axe of Temok {flame, rElec rPois
                  | Dex-2} (You bought it in a shop on level 3 of the Depths)
 47421 | Depths:3 | Reached XP level 24. HP: 171/238 MP: 40/40
 47966 | Depths:3 | Found a one-way gateway to a ziggurat.
 48122 | Depths:4 | Entered Level 4 of the Depths
 48212 | Depths:4 | Noticed Boris
 48224 | Depths:4 | Killed Boris
 48308 | Depths:4 | Found a gate to the Realm of Zot.
 48970 | Depths:4 | Found a runed translucent door.
 48971 | Depths:4 | Noticed themarg's ghost (veteran MfSu)
 48978 | Depths:4 | Found a radiant altar of Vehumet.
 49064 | Depths:4 | Identified the +8 demon whip "Renusu" {pain, Will+}
 49681 | Slime:1  | Entered Level 1 of the Pits of Slime
 49789 | Slime:1  | Gained mutation: You sometimes lose your temper in combat.
                  | [a shining eye]
 49801 | Slime:1  | Lost mutation: You sometimes lose your temper in combat.
                  | [potion of mutation]
 49801 | Slime:1  | Gained mutation: Armour fits poorly on your strangely
                  | shaped body. [potion of mutation]
 49801 | Slime:1  | Gained mutation: Your body sometimes deteriorates upon
                  | taking damage. [potion of mutation]
 49801 | Slime:1  | Gained mutation: You have large cloven feet. [potion of
                  | mutation]
 49802 | Slime:1  | Lost mutation: Your body sometimes deteriorates upon taking
                  | damage. [potion of mutation]
 49802 | Slime:1  | Lost mutation: You have large cloven feet. [potion of
                  | mutation]
 49802 | Slime:1  | Lost mutation: Armour fits poorly on your strangely shaped
                  | body. [potion of mutation]
 49802 | Slime:1  | Gained mutation: You expend magic power (3 MP) to
                  | strengthen your wands. [potion of mutation]
 49802 | Slime:1  | Gained mutation: You have a pair of small horns on your
                  | head. [potion of mutation]
 49920 | Slime:2  | Noticed Dissolution
 49925 | Slime:2  | Paralysed by a floating eye for 3 turns
 49992 | Slime:1  | Killed Dissolution
 50127 | Slime:2  | Gained mutation: Your magical capacity is low. (-10% MP) [a
                  | shining eye]
 50350 | Slime:4  | Reached XP level 25. HP: 169/255 MP: 33/36
 50413 | Slime:5  | Entered Level 5 of the Pits of Slime
 50450 | Slime:5  | Gained mutation: You have hidden genetic defects. [a
                  | shining eye]
 50479 | Slime:4  | Lost mutation: You have hidden genetic defects. [potion of
                  | mutation]
 50479 | Slime:4  | Lost mutation: You have a pair of small horns on your head.
                  | [potion of mutation]
 50479 | Slime:4  | Lost mutation: You expend magic power (3 MP) to strengthen
                  | your wands. [potion of mutation]
 50479 | Slime:4  | Gained mutation: You have a pair of small horns on your
                  | head. [potion of mutation]
 50479 | Slime:4  | Gained mutation: You are occasionally teleported next to
                  | monsters. [potion of mutation]
 50479 | Slime:4  | Gained mutation: You are dopey. (Int -2) [potion of
                  | mutation]
 50479 | Slime:4  | Gained mutation: You have large cloven feet. [potion of
                  | mutation]
 50480 | Slime:4  | Lost mutation: You have a pair of small horns on your head.
                  | [potion of mutation]
 50480 | Slime:4  | Lost mutation: You are dopey. (Int -2) [potion of mutation]
 50480 | Slime:4  | Lost mutation: You are occasionally teleported next to
                  | monsters. [potion of mutation]
 50480 | Slime:4  | Gained mutation: Your movements are slightly less
                  | encumbered by armour. (ER -2) [potion of mutation]
 50497 | Slime:5  | Noticed the Royal Jelly
 50513 | Slime:5  | Reached skill level 27 in Fighting
 50533 | Slime:5  | Reached skill level 15 in Armour
 50542 | Slime:5  | Killed the Royal Jelly
 50634 | Slime:5  | Found the +2 shield of Resistance {rF++ rC++ Will++}
 50652 | Slime:5  | Got a slimy rune of Zot
 50716 | Slime:5  | Gained mutation: Armour fits poorly on your strangely
                  | shaped body. [a shining eye]
 50735 | Slime:5  | Identified the ring "Itodiepsa" {rElec rPois rF+ Will-
                  | Dex+7}
 51308 | Elf:3    | Lost mutation: Your movements are slightly less encumbered
                  | by armour. (ER -2) [potion of mutation]
 51308 | Elf:3    | Lost mutation: Armour fits poorly on your strangely shaped
                  | body. [potion of mutation]
 51308 | Elf:3    | Lost mutation: Your magical capacity is low. (-10% MP)
                  | [potion of mutation]
 51308 | Elf:3    | Gained mutation: You are weak. (Str -2) [potion of
                  | mutation]
 51308 | Elf:3    | Gained mutation: A frigid envelope surrounds you and
                  | freezes all who hurt you. [potion of mutation]
 51769 | Vaults:5 | Entered Level 5 of the Vaults
 52136 | Vaults:5 | Identified the +1 long sword "Ugoxasot" {spect, rElec}
 52151 | Vaults:5 | Noticed a dread lich
 52173 | Vaults:5 | Killed a dread lich
 52456 | Vaults:5 | Identified the +0 ring mail of the Serpent {Harm rC- rCorr
                  | Slay+2}
 52575 | Vaults:5 | Reached XP level 26. HP: 213/262 MP: 40/40
 52859 | Vaults:5 | Got a silver rune of Zot
 52861 | Vaults:5 | Identified the +1 scale mail "Paoh" {+Inv rF- rN+++ Dex-4}
 53021 | Vaults:5 | Identified the +1 robe of Ixziudad {rElec rF+ Slay+2}
 53594 | Depths:1 | Voluntarily entered the Abyss.
 53599 | Abyss:1  | Found a corrupted altar of Lugonu.
 53696 | Abyss:4  | Found a corrupted altar of Lugonu.
 53760 | Abyss:4  | Got an abyssal rune of Zot
 53796 | Depths:1 | Escaped the Abyss
 54101 | Vaults:4 | Bought a phantom mirror for 720 gold pieces
 54401 | Zot:1    | Entered Level 1 of the Realm of Zot
 55521 | Zot:2    | Noticed an orb of fire
 55847 | Zot:2    | Killed an orb of fire
 56727 | Zot:3    | Reached XP level 27. HP: 261/273 MP: 40/40
 57458 | Zot:4    | Reached skill level 15 in Throwing
 58546 | Zot:5    | Entered Level 5 of the Realm of Zot
 58811 | Zot:5    | Found a huge runed gate.
 58811 | Zot:5    | Found a huge runed gate.
 58811 | Zot:5    | Found a huge runed gate.
 58812 | Zot:5    | Found a huge runed gate.
 58813 | Zot:5    | Found a huge runed gate.
 58814 | Zot:5    | Found a huge runed gate.
 58815 | Zot:5    | Found a huge runed gate.
 58816 | Zot:5    | Found a huge runed gate.
 58821 | Zot:5    | Found a huge runed gate.
 58822 | Zot:5    | Found a huge runed gate.
 58823 | Zot:5    | Found a huge runed gate.
 58824 | Zot:5    | Found a huge runed gate.
 58825 | Zot:5    | Found a huge runed gate.
 58826 | Zot:5    | Found a huge runed gate.
 58828 | Zot:5    | Found a huge runed gate.
 58847 | Zot:5    | Found a huge runed gate.
 58847 | Zot:5    | Found a huge runed gate.
 58847 | Zot:5    | Found a huge runed gate.
 58847 | Zot:5    | Found a huge runed gate.
 58847 | Zot:5    | Found a huge runed gate.
 58847 | Zot:5    | Found a huge runed gate.
 58848 | Zot:5    | Found a huge runed gate.
 58849 | Zot:5    | Found a huge runed gate.
 58850 | Zot:5    | Found a huge runed gate.
 58858 | Zot:5    | Found a huge runed gate.
 58858 | Zot:5    | Found a huge runed gate.
 58858 | Zot:5    | Found a huge runed gate.
 58858 | Zot:5    | Found a huge runed gate.
 58858 | Zot:5    | Found a huge runed gate.
 58858 | Zot:5    | Found a huge runed gate.
 58859 | Zot:5    | Found a huge runed gate.
 58860 | Zot:5    | Found a huge runed gate.
 58861 | Zot:5    | Found a huge runed gate.
 58890 | Zot:5    | Found a huge runed gate.
 58890 | Zot:5    | Found a huge runed gate.
 58890 | Zot:5    | Found a huge runed gate.
 58942 | Zot:5    | Noticed an orb of fire
 59048 | Zot:5    | Noticed an orb of fire
 59091 | Zot:5    | Noticed an orb of fire
 59094 | Zot:5    | Noticed a dread lich
 59097 | Zot:5    | Gained mutation: You are dopey. (Int -2) [an orb of fire]
 59099 | Zot:5    | Killed a dread lich
 59099 | Zot:5    | Killed an orb of fire
 59099 | Zot:5    | Gained mutation: You are very weak. (Str -4) [an orb of
                  | fire]
 59103 | Zot:5    | Gained mutation: You occasionally lose the ability to drink
                  | potions when taking damage. [an orb of fire]
 59107 | Zot:5    | Killed an orb of fire
 59108 | Zot:5    | Killed an orb of fire
 59170 | Zot:5    | Noticed an orb of fire
 59182 | Zot:5    | Gained mutation: You have a somewhat thin skeletal
                  | structure. (Dex +2, Stealth+) [an orb of fire]
 59184 | Zot:5    | Gained mutation: You are frail. (-10% HP) [an orb of fire]
 59191 | Zot:5    | Gained mutation: Your magical capacity is low. (-10% MP)
                  | [an orb of fire]
 59207 | Zot:5    | Killed an orb of fire
 59313 | Zot:4    | Lost mutation: You occasionally lose the ability to drink
                  | potions when taking damage. [potion of mutation]
 59313 | Zot:4    | Lost mutation: You are frail. (-10% HP) [potion of
                  | mutation]
 59313 | Zot:4    | Gained mutation: You are vulnerable to cold. (rC-) [potion
                  | of mutation]
 59313 | Zot:4    | Gained mutation: You are agile. (Dex +4, Str/Int -1)
                  | [potion of mutation]
 59314 | Zot:4    | Lost mutation: Your magical capacity is low. (-10% MP)
                  | [potion of mutation]
 59314 | Zot:4    | Lost mutation: A frigid envelope surrounds you and freezes
                  | all who hurt you. [potion of mutation]
 59314 | Zot:4    | Gained mutation: You are partially covered in iridescent
                  | scales. (AC +2) [potion of mutation]
 59315 | Zot:4    | Lost mutation: You are agile. (Dex +4, Str/Int -1) [potion
                  | of mutation]
 59315 | Zot:4    | Lost mutation: You have large cloven feet. [potion of
                  | mutation]
 59315 | Zot:4    | Lost mutation: You are vulnerable to cold. (rC-) [potion of
                  | mutation]
 59315 | Zot:4    | Lost mutation: You are dopey. (Int -2) [potion of mutation]
 59315 | Zot:4    | Lost mutation: You are very weak. (Str -4) [potion of
                  | mutation]
 59315 | Zot:4    | Gained mutation: You are mostly covered in iridescent
                  | scales. (AC +4) [potion of mutation]
 59323 | Zot:5    | Noticed a dread lich
 59330 | Zot:5    | Killed a dread lich
 59630 | Zot:5    | Identified the +7 hand axe of the Sneaky Shrikes {flame,
                  | rElec Int+3 Dex+2}
 59630 | Zot:5    | Noticed an orb of fire
 59638 | Zot:5    | Killed an orb of fire
 60149 | Zot:5    | Got the Orb of Zot
 60167 | Zot:5    | Noticed Adiss the pandemonium lord
 60612 | D:8      | Noticed Linad the pandemonium lord
 60628 | D:7      | Noticed Fisegh the pandemonium lord
 60781 | D:1      | Noticed Laptoc the pandemonium lord
 60813 | D:1      | Killed Laptoc the pandemonium lord
 60833 | D:$      | Escaped with the Orb!

Illustrated notes

Levels and vault maps discovered:
D:1:      matt_arrival_los_fun, layout_loops_ring,
          hellmonk_ecumenical_altar_heavens_door
D:2:      layout_basic
D:3:      layout_basic, slow_altar_2, uniq_pargi
D:4:      layout_loops_corners, grunt_temple_overflow_holy_war,
          lemuel_crystal_altar, mainiacjoe_overflow_alcove_2,
          nicolae_wu_jian_immortal_techniques, mainiacjoe_overflow_alcove_1,
          mainiacjoe_overflow_cross_hatched, kennysheep_small_square,
          uniq_sigmund
D:5:      layout_rooms, minmay_temple_entry_enclosed_plants
D:6:      layout_gridville, gup_ossuary_entry_pyramid, eino_tiny_chamber,
          minmay_misc_feat_ornament
D:7:      layout_rooms, grunt_temple_overflow_bloody_war,
          mainiacjoe_overflow_concentric_impassable, general_overflow_altar,
          ebering_ghost_gozag
D:8:      layout_loops_cross, grunt_potential
D:9:      layout_basic, david_orc_1_choice, hangedman_decor_clover_reticule,
          uniq_harold, uniq_joseph, uniq_maggie
D:10:     layout_stronghold, nemelex_diamond_rough_becter,
          lemuel_blue_sif_altar, lair_entry_dummy, nicolae_sextant, uniq_lodul
D:11:     minmay_ambush_box, layout_basic, uniq_grum, uniq_fannar
D:12:     layout_basic, serial_shops, shop, enter_trove_1,
          minmay_strange_pillars, kb_rosetta, uniq_frances
D:13:     layout_irregular_city, lightli_vaults_fourway_checkpoint, minivault_5
D:14:     layout_roguey, palyth_stone_intersect
D:15:     gammafunk_depths_entry_grave, layout_small_grid, minmay_curled_crystal
Temple:   hellmonk_temple_forest_ring
Lair:1:   layout_cave_pods, basic_altar, dreamdust_deal_with_the_devil,
          serial_bayou_ford_a, uniq_gastronok
Lair:2:   layout_chaotic_city, spider_nest_entry_web_field, serial_bayou_shore_a
Lair:3:   layout_gridlike, skrybe_swamp_entry_bodies, grunt_megastairs_3
Lair:4:   layout_gridlike, minmay_slime_entry_oklob_open, grunt_megastairs_4,
          infiniplex_staircase_pool_2
Lair:5:   due_jungle_book, layout_regular_city, grunt_megastairs_2,
          lemuel_fruit_tree
Swamp:1:  layout_falls_marsh, evilmike_swamp_ruin_house_1
Swamp:2:  layout_basic_swamp, basic_altar, beargit_elvish_explorers
Swamp:3:  layout_basic_swamp, evilmike_swamp_ruin_rubble_1,
          nicolae_swamp_soggy_hallways
Swamp:4:  swamp_fiery, layout_basic_swamp
Spider:1: layout_spider_delve, hangedman_spider_tarantella_strand
Spider:2: layout_spider_delve, einodemon_crawler_minivault,
          nicolae_spider_cling_halls, uniq_louise
Spider:3: layout_chambers
Spider:4: spider_rune_water, nzn_ghost_randoct
Slime:1:  layout_caves, nicolae_slime_phagocytosis
Slime:2:  layout_caves, uniq_dissolution
Slime:3:  layout_caves
Slime:4:  layout_caves
Slime:5
Orc:1:    layout_diamond_mine, serial_shops, shop, guppyfry_orc_lava_fort,
          uniq_snorg, uniq_jorgrun, uniq_sonja
Orc:2:    grunt_orc_community_town_hall, layout_caves,
          grunt_orc_community_big_house_2, grunt_orc_community_big_house_1,
          grunt_orc_community_house_1, grunt_orc_community_house_2,
          grunt_orc_community_house_3, grunt_orc_community_house_3,
          grunt_orc_community_house_2, nicolae_volcano_entry_hallway,
          serial_shops, shop, nicolae_shop_firing_range, uniq_donald,
          uniq_azrael
Elf:1:    elf_arrival_001, layout_geoelf_octagon, serial_shops,
          nicolae_shop_overgrown_old_shop, minmay_elf_sorcery,
          nrook_mini_backslash, uniq_kirke
Elf:2:    nicolae_elf_blades_splatter_lattice
          [nicolae_blade_entry_area_security], layout_geoelf_grid,
          gammafunk_ghost_grave, hangedman_research_thanatology
Elf:3:    minmay_elf_hall_statues, layout_geoelf_castle
Vaults:1: hangedman_vaults_stream, nicolae_vaults_hallways_thing,
          ontoclasm_vaults_gallery, nicolae_vaults_network_quincunx
          [nicolae_vaults_network_quincunx_subvault,
          nicolae_vaults_network_quincunx_subvault,
          nicolae_vaults_network_quincunx_subvault,
          nicolae_vaults_network_quincunx_subvault,
          nicolae_vaults_network_quincunx_subvault],
          ontoclasm_vaults_loading_screen, hangedman_vaults_trim,
          hangedman_vaults_trim, vaults_mumra_hex, vaults_room_semicircle,
          nicolae_vaults_three_branches, layout_vaults_omnicross, serial_shops,
          nicolae_shop_hallway_plus, serial_hangedman_research,
          hangedman_research_probablistics, hangedman_research_geology
Vaults:2: nicolae_vaults_c_with_doors, vaults_room_door_ring,
          vaults_standard_mumra_enter_the_diamond, nicolae_vaults_network_s,
          v_pattern_4, grunt_vaults_focal, nicolae_vaults_network_quinsquares
          [nicolae_vaults_network_quincunx_subvault,
          nicolae_vaults_network_quincunx_subvault,
          nicolae_vaults_network_quincunx_subvault,
          nicolae_vaults_network_quincunx_subvault], v_rooms_3, v_alt_pattern_6,
          hangedman_vaults_corner_blocks, layout_vaults_omnibox, uniq_boris
Vaults:3: hellmonk_ghost_happy_afterlife, nicolae_vaults_little_squares_6,
          vaults_room_grid, v_misc_8, minmay_crypt_entry_necro_gods, v_rooms_1,
          v_misc_18, vaults_mumra_chevron_long, vaults_room_pools,
          nicolae_vaults_triangles, v_alt_pattern_3, st_spiral_rooms,
          nicolae_vaults_little_squares_4, layout_vaults_ring
Vaults:4: hangedman_vaults_corner_blocks, grunt_vaults_swirl,
          hangedman_vaults_nails, v_misc_12, nicolae_vaults_network_periphery,
          v_misc_25, v_alt_pattern_3, hangedman_vaults_maws,
          hangedman_vaults_corner_blocks, ontoclasm_vaults_shuriken,
          vaults_mumra_minichess, v_misc_24, v_misc_22, vaults_dpeg_diagonal,
          layout_vaults_maze, serial_shops, shop, nicolae_shop_hallway_plus,
          shop, nicolae_shop_bloodbath_and_beyond, uniq_frederick, uniq_mara,
          uniq_mennas
Vaults:5: serial_shops, uniq_margery
Depths:1: layout_honeycomb, ebering_ghost_reflecting_pool,
          nicolae_abyss_entry_one_way_or_another, hellmouth_3,
          chequers_serial_rivers_room_b, corexii_corridor_pit,
          minmay_the_grid_2x2 [minmay_the_grid_square_x,
          minmay_the_grid_tri_star, minmay_the_grid_minigrid_small_alt,
          minmay_the_grid_prize_four_corners]
Depths:2: evilmike_diamond_1, layout_gridlike,
          nicolae_uskayaw_murder_on_the_dancefloor, hell_entry,
          rand_demon_pan_entry_4, minmay_misc_feat_pillars
Depths:3: kennysheep_ambush_hall, layout_basic, enter_ziggurat_b,
          abyss_entry_glasseish, hell_entry, serial_shops,
          nicolae_shop_advertising_works [nicolae_subvault_shop_adworks],
          minmay_staircase_bubble
Depths:4: grunt_zot_entry_tricorne, layout_gridlike, hellmouth_1,
          gammafunk_ghost_grave, pan_entry, abyss_entry_crystal,
          nicolae_vehumet_altar_sigil, serial_bayou_shore_b
Zot:1:    layout_concentric_octagons
Zot:2:    layout_misc_corridors
Zot:3:    layout_gridlike
Zot:4:    layout_onion
Zot:5:    layout_onion, door_vault

Skill      XL: |  1  2  3  4  5  6  7  8  9 10 11 12 13 14 15 16 17 18 19 20 21 22 23 24 25 26 27 |
---------------+----------------------------------------------------------------------------------+-----
Axes           | 3 4 5 6 7 9 11 14 16 18 | 18.0
Fighting       | 4 5 6 8 9 11 14 15 16 17 18 20 21 22 24 26 27 | 27.0
Shields        | 4 5 14 16 20 22 24 26 | 26.7
Dodging        | 1 4 5 9 |  9.0
Invocations    | 2 7 14 16 18 20 23 25 27 | 27.0
Armour         | 7 9 12 14 19 21 24 | 24.2
Evocations     | 5 6 8 10 12 | 12.0
Throwing       | 6 8 9 12 14 17 | 17.6

Action                     |  1- 3 |  4- 6 |  7- 9 | 10-12 | 13-15 | 16-18 | 19-21 | 22-24 | 25-27 || total
---------------------------+-------+-------+-------+-------+-------+-------+-------+-------+-------++-------
  Melee: War axe           |    74 |   133 |   361 |   508 |   465 |    44 |       |       |       ||  1585
         Broad axe         |       |       |       |       |   456 |  1198 |  1344 |  1590 |  1573 ||  6161
         Headbutt          |       |       |       |       |       |       |       |    38 |     9 ||    47
  Throw: Dart              |       |       |     2 |     2 |     1 |     1 |     1 |       |       ||     7
         Javelin           |       |       |       |       |       |       |       |     7 |     2 ||     9
         Boomerang         |       |       |       |       |       |       |       |       |     7 ||     7
         Throwing net      |       |       |       |       |       |       |       |       |     2 ||     2
 Invoke: Disaster Area     |       |       |       |       |     2 |     5 |     2 |       |     6 ||    15
         Elemental Force   |       |       |       |       |     1 |     3 |     3 |       |     3 ||    10
         Upheaval          |       |       |       |       |       |       |       |       |     3 ||     3
  Evoke: Wand              |       |       |       |     1 |       |       |       |       |       ||     1
         Condenser vane    |       |       |       |       |       |       |     3 |     1 |     2 ||     6
         Box of beasts     |       |       |       |       |       |       |       |     1 |       ||     1
         Tin of tremorston |       |       |       |       |       |       |       |     2 |       ||     2
         Phial of floods   |       |       |       |       |       |       |       |     1 |       ||     1
    Use: Potion            |     1 |     1 |     1 |     1 |     4 |     3 |     1 |    10 |    23 ||    45
         Scroll            |       |    10 |     6 |    11 |    12 |     8 |     3 |     2 |     5 ||    57
   Stab: Paralysed         |       |       |       |       |     2 |     2 |     7 |       |       ||    11
         Distracted        |       |       |       |       |       |       |     2 |       |     3 ||     5
         Confused          |       |       |       |       |       |       |     1 |       |       ||     1
         Held in net/web   |       |       |       |       |       |       |       |       |     2 ||     2
 Armour: Chain mail        |    40 |     3 |       |       |   345 |   665 |   514 |   465 |    23 ||  2055
         Scale mail        |     3 |       |       |       |       |       |       |       |       ||     3
         Plate armour      |       |    90 |   249 |   250 |    91 |       |       |       |       ||   680
         Pearl dragon scal |       |       |       |       |       |       |       |       |   500 ||   500
         Skin              |       |       |       |       |       |       |       |       |    16 ||    16
  Dodge: Dodged            |    32 |    25 |    98 |    67 |   240 |   303 |   236 |   287 |   440 ||  1728
         Repelled          |       |       |       |       |     3 |     6 |    11 |    10 |    36 ||    66
  Block: Buckler           |    17 |    28 |    79 |   157 |   433 |   170 |       |       |       ||   884
         Tower shield      |       |       |       |       |       |  1125 |  1603 |  1676 |   107 ||  4511
         Kite shield       |       |       |       |       |       |       |       |       |  1493 ||  1493

Table legend: (Time is in decaauts)
 A = Elapsed time spent in this place.
 B = Non-inter-level travel time spent in this place.
 C = Inter-level travel time spent in this place.
 D = Time resting spent in this place.
 E = Time spent auto-exploring this place.
 F = Levels seen in this place.
 G = Mean time per level.
                   A        B        C        D        E       F      G
               +--------+--------+--------+--------+--------+-----+--------+
         Total |  59926 |  54177 |   5749 |   6568 |  35600 |  58 | 1033.2 |
       Dungeon |  18471 |  16279 |   2192 |   1923 |  11487 |  15 | 1231.4 |
        Temple |    172 |    145 |     27 |      0 |    135 |   1 |  172.0 |
          Lair |   7289 |   6686 |    603 |   1180 |   4683 |   5 | 1457.8 |
         Swamp |   3660 |   3533 |    127 |    458 |   2274 |   4 |  915.0 |
   Spider Nest |   4324 |   4070 |    254 |    437 |   2700 |   4 | 1081.0 |
    Slime Pits |   1142 |   1035 |    107 |    367 |    110 |   5 |  228.4 |
  Orcish Mines |   2351 |   1909 |    442 |     98 |   1202 |   2 | 1175.5 |
   Elven Halls |   3551 |   3046 |    505 |    114 |   2012 |   3 | 1183.7 |
        Vaults |   7311 |   6453 |    858 |    269 |   4485 |   5 | 1462.2 |
        Depths |   5563 |   5219 |    344 |    821 |   3154 |   4 | 1390.8 |
           Zot |   5713 |   5427 |    286 |    899 |   3215 |   5 | 1142.6 |
         Abyss |    178 |    178 |      0 |      0 |      0 |   4 |   44.5 |
       Volcano |    197 |    197 |      0 |      0 |    140 |   1 |  197.0 |
               +--------+--------+--------+--------+--------+-----+--------+

Top non-repeatable levels by time:
    D:10: 2344 daAuts
  Lair:5: 2164 daAuts
Depths:1: 1922 daAuts
   Elf:3: 1626 daAuts
Vaults:3: 1603 daAuts
Spider:3: 1592 daAuts
Vaults:5: 1579 daAuts
    D:11: 1562 daAuts
   Orc:2: 1528 daAuts
     D:9: 1521 daAuts
  Lair:2: 1478 daAuts
Depths:2: 1461 daAuts
   Zot:4: 1459 daAuts
   Zot:1: 1448 daAuts
Vaults:1: 1425 daAuts
